 Dungeon Crawl Stone Soup version 0.31-a0-152-g6aa68a64a1 (webtiles) character file.

Game seed: 7639287959174057344

1488 GabrielManson the Conjurer (level 8, 0/62 (66) HPs)
             Began as a Demigod Conjurer on May 15, 2023.
             Slain by an entropy weaver (3 damage)
             ... on level 7 of the Dungeon on June 9, 2023.
             The game lasted 00:45:00 (8791 turns).

GabrielManson the Conjurer (Demigod Conjurer)       Turns: 8791, Time: 00:45:01

HP:   0/62 (66)     AC:  5    Str:  8    XL:     8   Next: 26%
MP:   10/17         EV: 12    Int: 28    God:
Gold: 230           SH:  0    Dex: 12    Spells: 1/15 levels left

rFire   . . .        I - +1 trident (vamp)
rCold   . . .        (no shield)
rNeg    . . .        a - +0 robe
rPois   .            (no helmet)
rElec   .            (no cloak)
rCorr   .            v - +1 Delatra's gloves {ID++}
SInv    .            k - +0 pair of boots
Will    +....        (no amulet)
Stlth   ++           r - +4 ring of slaying
HPRegen 0.30/turn    F - ring of willpower
MPRegen 0.15/turn

%: no passive effects
@: drained
A: high MP 1, forlorn, divine attributes
a: no special abilities


You were on level 7 of the Dungeon.
You visited 1 branch of the dungeon, and saw 7 of its levels.

You collected 230 gold pieces.

Inventory:

Hand Weapons
 q - a +3 flail
 I - a +1 vampiric trident (weapon)
Missiles
 d - 21 poisoned darts
 H - a throwing net
Armour
 a - a +0 robe (worn)
 k - a +0 pair of boots (worn)
 v - the +1 Delatra's gloves (worn) {ID++}
   (You found it on level 3 of the Dungeon)

   ID++:      It heals its wearer when they drink unknown potions, and restores
   their MP when they read unknown scrolls.
Jewellery
 h - a ring of flight
 r - a +4 ring of slaying (left hand)
 t - a ring of resist corrosion
 u - a ring of poison resistance
 F - a ring of willpower (right hand)
Wands
 A - a wand of polymorph (7)
Scrolls
 j - 2 scrolls of butterflies
 l - a scroll of identify
 m - a scroll of teleportation
 o - a scroll of brand weapon {unknown}
 p - a scroll of enchant weapon
 y - a scroll of torment {unknown}
 D - a scroll of silence {unknown}
 G - a scroll of magic mapping {unknown}
Potions
 b - a potion of magic
 c - a potion of might
 e - a potion of enlightenment {unknown}
 f - a potion of resistance {unknown}
 g - a potion of ambrosia {unknown}
 i - 2 potions of brilliance {unknown}
 n - 2 potions of berserk rage {unknown}
 s - a potion of haste
 z - 2 potions of lignification {unknown}
 B - a potion of invisibility {unknown}
 C - a potion of attraction {unknown}


   Skills:
 - Level 4.1 Fighting
 - Level 2.3 Dodging
 - Level 2.4 Stealth
 - Level 4.3 Spellcasting
 - Level 5.7 Conjurations
 - Level 5.3 Translocations
 * Level 0.0 Transmutations


You had one spell level left.
You knew the following spells:

 Your Spells              Type           Power      Damage    Failure   Level
a - Magic Dart            Conj           100%       1d8       1%          1
b - Searing Ray           Conj           76%        2d7       1%          2
c - Volatile Blastmotes   Fire/Tloc      42%        2d13      7%          3
d - Dazzling Flash        Conj/Hex       44%        N/A       7%          3
e - Wereblood             Tmut           6%         N/A       11%         2
f - Spider Form           Tmut/Pois      6%         N/A       22%         3

Your spell library contained the following spells:

 Spells                   Type           Power      Damage    Failure   Level
 Shock                    Conj/Air       88%        1d8       2%          1
 Beastly Appendage        Tmut           12%        N/A       7%          1
 Portal Projectile        Hex/Tloc       42%        N/A       7%          3
 Iskenderun's Mystic Bla  Conj/Tloc      37%        2d9       8%          4
 Swiftness                Air            6%         N/A       22%         3
 Tukima's Dance           Hex            6%         N/A       22%         3
 Fulminant Prism          Conj/Hex       11%        3d9       22%         4
 Airstrike                Air            3%         2d(1-17)  56%         4
 Blade Hands              Tmut           3%         N/A       89%         5
 Lee's Rapid Deconstruct  Erth           3%         3d5*      89%         5
 Starburst                Conj/Fire      11%        6d5       98%         6


Dungeon Overview and Level Annotations

Branches:
Dungeon (7/15)             Temple (0/1) D:5

Shops:
D:3 ==*[?   D:4 [   D:5 =(

Annotations:
D:6 3 runed translucent doors, samel's ghost, novice HOFi


Innate Abilities, Weirdness & Mutations

You have an increased reservoir of magic. (+10% MP)
You shall have no god before yourself.
Your divine heritage dramatically boosts your attributes as you level up.


Message History

The orc is almost dead.
The concussive blast engulfs the yak.
The yak is lightly wounded.
The yak is knocked back by the blast.
The yak bellows!
Casting: Volatile Blastmotes (dangerous; 7% risk of failure)
Confirm with . or Enter, or press ? or * to list all spells.
A cloud of volatile blastmotes flares up around you!
The cloud of blastmotes explodes!
The concussive blast engulfs the orc!
You kill the orc!
The concussive blast engulfs you!
You are knocked back by the blast.
Casting: Volatile Blastmotes (dangerous; 7% risk of failure)
Confirm with . or Enter, or press ? or * to list all spells.
You can't see any susceptible monsters within range! (Use Z to cast anyway.)
Casting: Volatile Blastmotes (dangerous; 7% risk of failure)
Confirm with . or Enter, or press ? or * to list all spells.
Casting: Dazzling Flash (dangerous; 7% risk of failure)
Press: ? - help, Dir - look around, f - activate You barely miss the yak.
The yak gores you. The yak closely misses you.
The yak attacks as you move away! The yak gores you.
The yak attacks as you move away! The yak closely misses you.
The yak attacks as you move away! The yak gores you.
Casting: Dazzling Flash (dangerous; 7% risk of failure)
Confirm with . or Enter, or press ? or * to list all spells.
Okay, then.
Aiming: Polymorph
Press: ? - help, Shift-Dir - straight line, f - yak
Aim: a yak (will become an entropy weaver, a harpy, or a hornet, chance to affect: 49%)
The yak resists with some effort.
The yak completely misses you.
Aiming: Polymorph
Press: ? - help, Shift-Dir - straight line, f/p - yak
Aim: a yak (will become an entropy weaver, a harpy, or a hornet, chance to affect: 49%)
The yak evaporates and reforms as an entropy weaver!
The entropy weaver hits you! x2
* * * LOW HITPOINT WARNING * * *
The entropy weaver hits you!
* * * LOW HITPOINT WARNING * * *
The entropy weaver hits you.
You die...

##.......## #.#
##.........## ..
##...........## ##.#
##.............# ....#
#..............# ...
.....##
##.............# #....
......# ##...........##
#...... ......##
#...........# #.......#
.....=.##
##....@....####.......#
........#
##...B...####........#
........##
#.......##..........#
.........##
##..YY.#.............
..ยง.......#
##......#..........#
..........##
###...####.........#
###....Y.[.###...###
##.[[.....#
#..######..)Y.###
#........## #..#
###..## #........#


You could see an entropy weaver and 2 yaks.

Vanquished Creatures
  Menkaure (D:6)
  2 ice beasts
  A water moccasin (D:6)
  A phantom (D:4)
  4 scorpions
  A gnoll sergeant (D:6)
  3 wights (D:7)
  A ballistomycete (D:4)
  2 orc priests
  5 hounds
  2 orc wizards
  4 gnolls (D:6)
  7 adders
  A shadow imp (D:5)
  3 ufetubi
  5 worms
  25 orcs
  7 endoplasms
  3 giant cockroaches
  7 goblins
  7 hobgoblins
  5 jackals
  4 quokkas
  5 ball pythons
  7 bats
  3 frilled lizards
  6 kobolds
  5 rats
  3 ballistomycete spores (D:4)
130 creatures vanquished.

Notes
Turn   | Place    | Note
-------+----------+-------------------------------------------
     0 | D:1      | GabrielManson the Demigod Conjurer began the quest for the
                  | Orb.
     0 | D:1      | Reached XP level 1. HP: 14/14 MP: 5/5
   274 | D:1      | Reached XP level 2. HP: 20/20 MP: 1/7
   361 | D:1      | Learned a level 2 spell: Searing Ray
  1212 | D:2      | Reached XP level 3. HP: 26/26 MP: 1/8
  1590 | D:2      | Learned a level 3 spell: Volatile Blastmotes
  1787 | D:2      | Reached skill level 1 in Translocations
  1787 | D:2      | Reached XP level 4. HP: 20/33 MP: 1/10
  2354 | D:3      | Found the +1 Delatra's gloves {ID++}
  2658 | D:3      | Found Teirumix's Jewellery Boutique.
  2825 | D:3      | Reached XP level 5. HP: 38/38 MP: 7/11
  2856 | D:3      | Found Yvveuq's Assorted Antiques.
  2954 | D:3      | Found Celiumoida's Magic Scroll Shoppe.
  3038 | D:3      | Found Leapsi's Antique Armour Shoppe.
  3191 | D:3      | Found Yluthuh's Jewellery Shoppe.
  3910 | D:4      | Reached XP level 6. HP: 27/45 MP: 0/12
  4001 | D:4      | Found Iru Qeask's Armour Shop.
  4008 | D:4      | Learned a level 3 spell: Dazzling Flash
  4056 | D:4      | Upgraded the game from 0.31-a0-37-g98a128e1d9 to
                  | 0.31-a0-43-g46d131a48f
  4255 | D:4      | Upgraded the game from 0.31-a0-43-g46d131a48f to
                  | 0.31-a0-152-g6aa68a64a1
  4308 | D:4      | HP: 1/45 [shot self (15)]
  4309 | D:4      | Reached skill level 5 in Translocations
  4764 | D:4      | Learned a level 2 spell: Wereblood
  4878 | D:4      | Reached XP level 7. HP: 50/50 MP: 9/14
  5057 | D:5      | Entered Level 5 of the Dungeon
  5095 | D:5      | Found Ynorank's Jewellery Boutique.
  5095 | D:5      | Found a staircase to the Ecumenical Temple.
  5195 | D:5      | Reached skill level 1 in Fighting
  5304 | D:5      | Found Ocie's Weapon Emporium.
  6852 | D:6      | Noticed Menkaure
  6861 | D:6      | Killed Menkaure
  7343 | D:6      | Reached skill level 5 in Conjurations
  7421 | D:6      | Reached XP level 8. HP: 23/66 MP: 10/16
  7935 | D:6      | Found a runed translucent gate.
  7935 | D:6      | Found a runed translucent gate.
  7937 | D:6      | Found a runed translucent gate.
  7938 | D:6      | Noticed samel's ghost (novice HOFi)
  8130 | D:6      | Identified the +7 flail of Hepliaklqana's Pride {antimagic,
                  | rElec rPois rN+ Dex-5}
  8710 | D:7      | Learned a level 3 spell: Spider Form
  8791 | D:7      | a yak changed into an entropy weaver
  8791 | D:7      | Noticed an entropy weaver
  8791 | D:7      | HP: 3/62 [entropy weaver (11)]
  8791 | D:7      | Slain by an entropy weaver

Illustrated notes

Levels and vault maps discovered:
D:1:      doesnt_arrival_eight_statues, layout_basic
D:2:      layout_basic, basic_altar
D:3:      minmay_general_purpose_star, layout_basic, tso_oasis_becter,
          serial_shops, nicolae_shop_rolled_up, nicolae_shop_hallway_stairs,
          shop, nicolae_shop_rolling_square, nicolae_shop_gaudy_bauble,
          chequers_serial_rivers_room_b, pf_guarded_unrand_delatra
D:4:      layout_basic, mainiacjoe_overflow_alcove_1, serial_shops, shop
D:5:      layout_basic, xom_redecorated, mainiacjoe_overflow_catch_the_wave,
          minmay_temple_entry_statues_fountains, serial_shops, shop,
          nicolae_shop_back_alley_shop
D:6:      layout_loops_ring, nicolae_uskayaw_murder_on_the_dancefloor,
          nemelex_spade_bored_becter, ebering_ghost_rock_garden, uniq_menkaure
D:7:      layout_cave_pods, gammafunk_ghost_smash

Skill      XL: |  1  2  3  4  5  6  7  8 |
---------------+-------------------------+-----
Stealth        | 2 |  2.4
Dodging        | 2 |  2.3
Spellcasting   | 2 3 4 |  4.3
Conjurations   | 4 5 |  5.7
Translocations | 1 3 4 5 |  5.3
Fighting       | 4 |  4.1

Action                     |  1- 3 |  4- 6 |  7- 9 || total
---------------------------+-------+-------+-------++-------
  Melee: Unarmed           |     1 |       |       ||     1
         Flail             |       |    38 |    25 ||    63
         Trident           |       |       |    61 ||    61
         Punch             |       |       |     2 ||     2
  Throw: Dart              |       |     4 |     1 ||     5
   Cast: Magic Dart        |    72 |    55 |    29 ||   156
         Searing Ray       |     5 |    10 |     7 ||    22
         Volatile Blastmot |       |    10 |     8 ||    18
         Wereblood         |       |     1 |    10 ||    11
         Dazzling Flash    |       |     1 |     2 ||     3
  Evoke: Wand              |       |     1 |     2 ||     3
    Use: Potion            |       |     1 |     2 ||     3
         Scroll            |       |       |     9 ||     9
   Stab: Sleeping          |       |     4 |       ||     4
 Armour: Robe              |     8 |    20 |    22 ||    50
  Dodge: Dodged            |    20 |    49 |    93 ||   162

Table legend: (Time is in decaauts)
 A = Elapsed time spent in this place.
 B = Non-inter-level travel time spent in this place.
 C = Inter-level travel time spent in this place.
 D = Time resting spent in this place.
 E = Time spent auto-exploring this place.
 F = Levels seen in this place.
 G = Mean time per level.
                   A        B        C        D        E       F      G
               +--------+--------+--------+--------+--------+-----+--------+
         Total |   8823 |   8607 |    216 |   2847 |   4124 |   7 | 1260.4 |
       Dungeon |   8823 |   8607 |    216 |   2847 |   4124 |   7 | 1260.4 |
               +--------+--------+--------+--------+--------+-----+--------+

Top non-repeatable levels by time:
     D:6: 2073 daAuts
     D:4: 1627 daAuts
     D:5: 1442 daAuts
     D:1: 1185 daAuts
     D:2: 1161 daAuts
     D:3: 1102 daAuts
     D:7: 231 daAuts
